 Dungeon Crawl Stone Soup version 0.28.0 (webtiles) character file.

Game seed: 1995205343544391424

22 AmazingTV the Sneak (level 2, 0/13 HPs)
             Began as a Spriggan Venom Mage on June 22, 2022.
             Slain by a goblin (2 damage)
             ... on level 2 of the Dungeon.
             The game lasted 00:06:31 (780 turns).

AmazingTV the Sneak (Spriggan Venom Mage)            Turns: 780, Time: 00:06:31

Health: 0/13       AC:  2    Str:  4    XL:     2   Next: 68%
Magic:  7/7        EV: 17    Int: 16    God:
Gold:   27         SH:  0    Dex: 15    Spells: 6/7 levels left

rFire   + . .      SeeInvis +   a - +0 short sword
rCold   + . .      Faith    .   (no shield)
rNeg    . . .      Spirit   .   d - +0 robe
rPois   +          Reflect  .   (helmet restricted)
rElec   +          Harm     .   (no cloak)
rCorr   +          Rampage  .   (gloves unavailable)
Will    .....                   (boots unavailable)
Stlth   ++........              (no amulet)
HPRegen 0.04/turn               (no ring)
MPRegen 0.10/turn               (no ring)

@: resistant, attractive, very quick
A: very small, no large weapons, unfitting armour, see invisible, speed 3
a: no special abilities


You were on level 2 of the Dungeon.
You visited 1 branch of the dungeon, and saw 2 of its levels.

You collected 27 gold pieces.

Inventory:

Hand Weapons
 a - a +0 short sword (weapon)
Armour
 d - a +0 robe (worn)
Potions
 c - a potion of resistance


   Skills:
 + Level 0.1 Fighting
 + Level 0.1 Short Blades
 + Level 3.1 Dodging
 + Level 3.4 Stealth
 + Level 3.0 Spellcasting
 + Level 2.0 Transmutations
 + Level 3.1 Poison Magic


You had 6 spell levels left.
You knew the following spells:

 Your Spells              Type           Power      Damage    Failure   Level
a - Sting                 Tmut/Pois      40%        1d5       6%          1

Your spell library contained the following spells:

 Spells                   Type           Power      Damage    Failure   Level
 Poisonous Vapours        Pois/Air       14%        N/A       14%         2
 Mephitic Cloud           Conj/Pois/Air  5%         N/A       36%         3
 Olgreb's Toxic Radiance  Pois           12%        N/A       45%         4


Dungeon Overview and Level Annotations

Branches:
Dungeon (2/15)

Altars:

Shops:
D:1 [


Innate Abilities, Weirdness & Mutations

You are very small and have problems with some larger weapons.
You are too small for most types of armour.
You have supernaturally acute eyesight. (SInv)
You cover ground extremely quickly. (Speed+++)


Message History

The adder is attracted toward you. x2
An adder comes into view.
The adder is attracted toward you.
A gnoll comes into view. It is wielding a +0 club.
The adder is attracted toward you. x2; The gnoll is attracted toward you.
The helpless adder fails to defend itself.
You puncture the adder!
The adder is almost dead.
The adder misses you. The adder barely misses you. x2
The adder completely misses you. The gnoll is attracted toward you.
A gnoll comes into view. It is wielding a +0 halberd.
The gnoll shouts!
A bat comes into view.
The adder is attracted toward you. The bat is attracted toward you.
The gnoll is attracted toward you. The gnoll is attracted toward you.
The gnoll is attracted toward you. The adder is attracted toward you.
The gnoll is attracted toward you. The gnoll is attracted toward you.
The bat is attracted toward you.
Found a stone staircase leading up.
The bat is attracted toward you. The gnoll is attracted toward you.
The gnoll is attracted toward you. The bat is attracted toward you.
The gnoll is attracted toward you. Something is attracted toward you.
The bat is attracted toward you. The gnoll is attracted toward you.
The adder is attracted toward you. The bat is attracted toward you.
The gnoll is attracted toward you. The goblin is attracted toward you.
The goblin is attracted toward you. The bat is attracted toward you.
The adder closely misses you. The goblin is attracted toward you.
The bat is attracted toward you. The bat is attracted toward you.
The gnoll is attracted toward you. The adder is attracted toward you. x2
The adder is attracted toward you.
An adder comes into view.
The adder is attracted toward you. The goblin is attracted toward you.
The bat is attracted toward you. The adder is attracted toward you.
The adder hisses angrily.
The adder closely misses you. The goblin hits you with a +0 club.
You die...

#### ##(. #..# #
#### #..###. ####...
#.§##.# .....#.
#@S##.# ..<....
####bg##S## ##.#
#...
#.....§Sg.###.####.#
#.##.###S#.§....gg§#
# ....
#.#b#######S##
#.##.# #§#.# ##.§. #
#.# #..S# #Sb.. #.#
##..######S#.. #.#
#.......§§....


You could see 2 adders, a goblin and a bat.

Vanquished Creatures
  2 dart slugs (D:1)
  3 ball pythons (D:1)
  A giant cockroach (D:1)
  2 goblins (D:1)
  2 hobgoblins (D:1)
  A kobold (D:1)
  A quokka (D:1)
  A bat (D:1)
  2 frilled lizards (D:1)
  2 rats (D:1)
17 creatures vanquished.

Notes
Turn   | Place    | Note
-------+----------+-------------------------------------------
     0 | D:1      | AmazingTV the Spriggan Venom Mage began the quest for the
                  | Orb.
     0 | D:1      | Reached XP level 1. HP: 9/9 MP: 5/5
   250 | D:1      | Reached XP level 2. HP: 13/13 MP: 2/6
   486 | D:1      | Found Hol Kyif's Antique Armour Boutique.
   730 | D:1      | You fall into a shaft and drop 1 floor!
   780 | D:2      | Slain by a goblin

Illustrated notes

Levels and vault maps discovered:
D:1:      scummos_arrival_hexagon, layout_rooms, serial_shops,
          nicolae_shop_overgrown_old_shop
D:2:      layout_loops_ring, nicolae_ecumenical_snake_handling,
          chequers_serial_rivers_micro_a

Skill      XL: |  1  2 |
---------------+-------+-----
Dodging        | 3 |  3.1
Spellcasting   | 3 |  3.0
Transmutations | 2 |  2.0
Fighting       | |  0.1
Short Blades   | |  0.1
Stealth        | |  3.4
Poison Magic   | |  3.1

Action                   || total
-------------------------++-------
Melee: Short sword       ||    22
 Cast: Sting             ||    16
  Use: Potion            ||     2
 Stab: Sleeping          ||     4
Armor: Robe              ||     4
Dodge: Dodged            ||    25
